 Dungeon Crawl Stone Soup version 0.30.0-10-gfe55d96785 (webtiles) character file.

Game seed: 584099037092959859

4058 Farfigtubin the Cleaver (level 10, -3/82 HPs)
             Began as a Formicid Fighter on May 13, 2023.
             Was an Elder of Uskayaw.
             Slain by a yak (12 damage)
             ... on level 9 of the Dungeon on May 14, 2023.
             The game lasted 00:38:45 (6091 turns).

Farfigtubin the Cleaver (Formicid Fighter)          Turns: 6091, Time: 00:38:46

Health: -3/82      AC: 15    Str: 26    XL:     10   Next: 49%
Magic:  10/10      EV:  7    Int:  7    God:    Uskayaw [****..]
Gold:   482        SH:  5    Dex: 13    Spells: 9/9 levels left

rFire   . . .        a - +0 war axe
rCold   . . .        c - +0 buckler
rNeg    . . .        p - +0 plate armour
rPois   .            (helmet unavailable)
rElec   .            (no cloak)
rCorr   .            i - +0 pair of gloves
SInv    +            (no boots)
Will    +....        h - amulet of regeneration Stlth
                     (no ring)
HPRegen 1.13/turn    (no ring)
MPRegen 0.12/turn

%: no passive effects
@: no status effects
A: permanent stasis, dig shafts and tunnels, antennae 3, four strong arms
a: Dig, Shaft Self, Renounce Religion, Stomp, Line Pass


You were on level 9 of the Dungeon.
You worshipped Uskayaw.
Uskayaw was noncommittal.
You visited 2 branches of the dungeon, and saw 10 of its levels.

You collected 482 gold pieces.

Inventory:

Hand Weapons
 a - a +0 war axe (weapon)
 d - a +0 heavy dire flail
Missiles
 e - 91 stones
 m - 7 curare-tipped darts
 y - 10 poisoned darts
 B - a boomerang (quivered)
 G - 3 atropa-tipped darts
Armour
 c - a +0 buckler (worn)
 i - a +0 pair of gloves (worn)
 p - a +0 plate armour (worn)
Jewellery
 h - an amulet of regeneration (around neck)
 H - a ring of protection from fire
Wands
 C - a wand of mindburst (12)
 I - a wand of paralysis (6)
Scrolls
 b - a scroll of torment {unknown}
 g - 3 scrolls of teleportation {unknown}
 l - 2 scrolls of immolation {unknown}
 n - 2 scrolls of silence {unknown}
 o - a scroll of magic mapping {unknown}
 q - 3 scrolls of fear {unknown}
 r - 2 scrolls of enchant weapon {unknown}
 u - a scroll of vulnerability {unknown}
Potions
 f - 5 potions of curing
 j - a potion of ambrosia
 k - a potion of invisibility
 s - 2 potions of haste {unknown}
 t - 3 potions of attraction
 v - a potion of heal wounds {unknown}
 w - a potion of flight {unknown}
 z - a potion of berserk rage {unknown}
 A - a potion of mutation
 D - a potion of lignification {unknown}
 E - a potion of degeneration {unknown}


   Skills:
 + Level 8.7 Fighting
 * Level 10.6 Axes
 + Level 8.4 Armour
 - Level 4.0 Shields


You had 9 spell levels left.
You didn't know any spells.
Your spell library was empty.

Dungeon Overview and Level Annotations

Branches:
Dungeon (9/15)             Temple (1/1) D:7
   Lair: D:8-11         Orc: D:9-12

Altars:
Ashenzari
Cheibriados
Dithmenos
Elyvilon
Fedhas
Gozag
Hepliaklqana
Kikubaaqudgha
Makhleb
Nemelex Xobeh
Okawaru
Qazlal
Ru
Sif Muna
Trog
Uskayaw
Vehumet
Wu Jian
Xom
Yredelemnul
Zin
The Shining One

Shops:
D:3 *   D:5 *   D:8 *

Annotations:
D:5 1 runed translucent door, Crazy Yiuf


Innate Abilities, Weirdness & Mutations

You cannot be hasted, slowed, berserked, paralysed or teleported.
You can dig through walls and to a lower floor.
You have a pair of large antennae on your head. (SInv)
Your four strong arms can wield two-handed weapons with a shield.


Message History

The yak is lightly wounded.
You hit the yak. You closely miss the yak.
The yak gores you but does no damage. The yak barely misses you.
The yak gores you!
You barely miss the yak.
The yak is lightly wounded.
You barely miss the yak. You slash the yak!
You kill the yak!
The yak gores you. You block the yak's attack.
Uskayaw will force your foes to helplessly watch your dance.
Uskayaw prepares the audience for your solo!
The helpless yak fails to defend itself.
You hit the yak.
The yak is moderately wounded.
The helpless yak fails to defend itself.
You slash the yak!
The helpless yak fails to defend itself.
You slice the yak!!
The yak is no longer paralysed. x3
The yak gores you but does no damage. The yak gores you. The yak gores you!
The yak gores you. The yak barely misses you. x2
You hit the yak.
The yak is severely wounded.
You slash the yak! You closely miss the yak.
The yak gores you but does no damage. The yak barely misses you.
The yak gores you.
* * * LOW HITPOINT WARNING * * *
Uskayaw will force your foes to share their pain.
Uskayaw links your audience in an emotional bond!
You hit the yak but do no damage.
The yak is severely wounded.
You barely miss the yak. You hit the yak. The yak misses you.
The yak gores you.
* * * LOW HITPOINT WARNING * * *
The yak gores you!
* * * LOW HITPOINT WARNING * * *
You slash the yak!
You kill the yak!
You slash the yak! You closely miss the yak. The yak barely misses you.
The yak gores you!
You die...

####.#
#...........#.#######
#..
............#.......#
#..
.............#######!#
#. ............. #.#
#. ...####+#+# #.# .#
#.#.##########.# {
#.#.#..........# {
#.†Y+..........# {
#.#@#..........#
+.#Y#..........# { .
#...#..........#
....#..............#
..................##
#........>#########
#.......### #.......#
.........


You could see 2 yaks.

Vanquished Creatures
  A two-headed ogre (D:9)
  Pikel (D:5)
  Eustachio (D:4)
  2 steam dragons
  2 yaks (D:9)
  Edmund (D:5)
  3 water moccasins
  Duvessa (D:7)
  A sky beast (D:7)
  2 black bears
  3 ice beasts
  A phantom (D:5)
  2 centaurs (D:8)
  A kobold brigand (D:7)
  5 bullfrogs
  A scorpion (D:5)
  A gnoll sergeant (D:8)
  Dowan (D:7)
  3 killer bees (D:8)
  A howler monkey (D:5)
  3 hounds
  An orc priest (D:8)
  A gnoll bouda (D:9)
  2 iguanas
  Terence (D:3)
  6 adders
  8 gnolls
  A shadow imp (D:6)
  A white imp (D:6)
  3 ufetubi
  A worm (D:2)
  3 dart slugs
  12 orcs
  4 endoplasms
  2 giant cockroaches
  7 goblins
  7 hobgoblins
  4 jackals (D:3)
  13 kobolds
  2 quokkas
  8 ball pythons
  8 bats
  5 frilled lizards
  6 rats
  A spectral orc (D:6)
144 creatures vanquished.

Vanquished Creatures (others)
  A human (D:5)
1 creature vanquished.

Grand Total: 145 creatures vanquished

Notes
Turn   | Place    | Note
-------+----------+-------------------------------------------
     0 | D:1      | Farfigtubin the Formicid Fighter began the quest for the
                  | Orb.
     0 | D:1      | Reached XP level 1. HP: 18/18 MP: 1/1
    95 | D:1      | Reached XP level 2. HP: 18/24 MP: 2/2
   307 | D:1      | Reached XP level 3. HP: 30/30 MP: 3/3
   327 | D:1      | Reached skill level 3 in Axes
   364 | D:1      | Found a faded altar of an unknown god.
  1301 | D:3      | Reached XP level 4. HP: 37/37 MP: 4/4
  1385 | D:3      | Noticed Terence
  1404 | D:3      | Killed Terence
  1488 | D:3      | Reached XP level 5. HP: 42/42 MP: 5/5
  1502 | D:3      | Found Gozag's Platinum Reserve.
  1507 | D:3      | Found an opulent altar of Gozag.
  1532 | D:3      | Reached skill level 4 in Axes
  2213 | D:4      | You fall into a shaft and drop 1 floor!
  2213 | D:5      | Entered Level 5 of the Dungeon
  2600 | D:5      | Noticed an ice beast
  2616 | D:5      | Killed an ice beast
  2617 | D:5      | Reached XP level 6. HP: 49/49 MP: 6/6
  2630 | D:5      | Reached skill level 5 in Axes
  2692 | D:5      | Noticed a water moccasin
  2701 | D:5      | Killed a water moccasin
  2702 | D:5      | Reached skill level 5 in Fighting
  2702 | D:5      | Reached XP level 7. HP: 32/56 MP: 7/7
  2808 | D:5      | Noticed Pikel
  2860 | D:5      | Noticed Eustachio
  2860 | D:5      | Noticed Edmund
  2890 | D:4      | Killed Eustachio
  2891 | D:4      | Reached skill level 6 in Axes
  2891 | D:4      | Reached skill level 5 in Armour
  2928 | D:5      | HP: 1/56 [Edmund/+0 heavy dire flail (7)]
  2933 | D:5      | Killed Edmund
  2934 | D:5      | Reached XP level 8. HP: 8/64 MP: 8/8
  3019 | D:5      | Found Urontol's General Store.
  3167 | D:5      | Found an ancient bone altar of Kikubaaqudgha.
  3168 | D:5      | Noticed a human
  3170 | D:5      | Killed a human
  3306 | D:5      | Found a runed translucent door.
  3307 | D:5      | Noticed Crazy Yiuf
  3354 | D:5      | Reached skill level 7 in Axes
  3436 | D:5      | Killed Pikel
  3437 | D:5      | Reached skill level 8 in Axes
  3437 | D:5      | Reached XP level 9. HP: 44/71 MP: 9/9
  4017 | D:6      | Found a hazy altar of Hepliaklqana.
  4250 | D:7      | Reached skill level 9 in Axes
  4399 | D:7      | Found a shimmering blue altar of Sif Muna.
  4404 | D:7      | Noticed Duvessa
  4426 | D:7      | Killed Duvessa
  4452 | D:7      | Noticed Dowan
  4458 | D:7      | Killed Dowan
  4649 | D:7      | Found a staircase to the Ecumenical Temple.
  4658 | Temple   | Entered the Ecumenical Temple
  4776 | Temple   | Became a worshipper of Uskayaw the Reveller
  4847 | D:7      | Reached * piety under Uskayaw
  4907 | D:7      | Noticed Menkaure
  4922 | D:7      | Found a white marble altar of Elyvilon.
  5050 | D:7      | Reached ** piety under Uskayaw
  5054 | D:7      | Reached *** piety under Uskayaw
  5325 | D:8      | Identified the +1 dire flail of Rastil {protect, Fly rPois
                  | rC- rCorr}
  5367 | D:8      | Reached **** piety under Uskayaw
  5379 | D:8      | Reached XP level 10. HP: 62/80 MP: 10/10
  5746 | D:8      | Found Zyohocoa's Overcharged Wands.
  5855 | D:8      | Reached skill level 10 in Axes
  5978 | D:9      | Noticed a two-headed ogre
  5995 | D:9      | Killed a two-headed ogre
  5999 | D:9      | Reached ***** piety under Uskayaw
  6091 | D:9      | Slain by a yak

Illustrated notes

Levels and vault maps discovered:
D:1:      ncdulo_halloftheorcs, layout_rooms,
          dreamdust_ecumenical_altar_angels_and_demons
D:2:      layout_loops_ring, minmay_statues_item
D:3:      layout_rooms, nicolae_gozag_zags_fifth_avenue, uniq_terence
D:4:      layout_cave_pods, nicolae_elevator_lobby_asterisk
D:5:      layout_gridville, tgw_kikubaaqudgha, serial_shops,
          nicolae_shop_tiny_glass, uniq_eustachio, uniq_edmund,
          uniq_crazy_yiuf_cottage, uniq_pikel
D:6:      layout_loops_cross, nicolae_hepliaklqana_monster_ancestors,
          st_stairs_3, nrook_uturn
D:7:      layout_loops_cross, mainiacjoe_overflow_six_doors_small,
          general_overflow_altar, temple_pool_b, minmay_holes, uniq_duvessa,
          uniq_menkaure
D:8:      layout_basic, nicolae_shop_overcharged_wands
D:9:      hangedman_cross_veins, layout_basic
Temple:   nicolae_temple_bog_church

Skill      XL: |  1  2  3  4  5  6  7  8  9 10 |
---------------+-------------------------------+-----
Axes           | 3 4 5 6 8 9 10 | 10.6
Fighting       | 4 5 6 7 8 |  8.7
Armour         | 4 5 6 7 8 |  8.4
Shields        | |  4.0

Action                     |  1- 3 |  4- 6 |  7- 9 | 10-12 || total
---------------------------+-------+-------+-------+-------++-------
  Melee: War axe           |   117 |    98 |   259 |    63 ||   537
  Throw: Dart              |       |     7 |    21 |     3 ||    31
         Stone             |       |     2 |       |       ||     2
         Boomerang         |       |       |    14 |     1 ||    15
    Use: Scroll            |       |       |     4 |     2 ||     6
         Potion            |       |       |     1 |       ||     1
   Stab: Paralysed         |       |       |     4 |     5 ||     9
 Armour: Scale mail        |    61 |    38 |       |       ||    99
         Chain mail        |       |    15 |   131 |    34 ||   180
         Plate armour      |       |       |       |     9 ||     9
  Dodge: Dodged            |    51 |    39 |   107 |    25 ||   222
  Block: Buckler           |    31 |    25 |    63 |     9 ||   128
